Cogmind - Beta 14 @@@ ROGUE MODE // 2024.08.26 @ 23:08:15 Player: cabin Result: Destroyed by L-31 Rogue with Katana Performance ------------- Evolutions (1) 500 Regions Visited (3) 600 Robots Destroyed (17) 85 Value Destroyed (510) 510 Prototype IDs (0) 0 Alien Tech Used (0) 0 Bonus (0) 0 TOTAL SCORE: 1695 Bonus ------- None Cogmind --------- Core Integrity 0/400 Matter 300/300 Energy 100/100 System Corruption 1% Temperature Cool (0) Movement Treading (160) Location -9/Materials Parts ------- > --- POWER (1) -------- (None) > --- PROPULSION (2) --- Light Treads > --- UTILITY (4) ------ Small Storage Unit Signal Interpreter > --- WEAPON (2) ------- (None) > --- INVENTORY (8) ---- Light Ion Engine Hover Unit Small Laser Particle Gun Light EM Pulse Cannon Makeshift Shrapnel Gun Peak State ------------ > --- POWER ------------ Light Ion Engine > --- PROPULSION ------- Light Treads Light Treads > --- UTILITY ---------- Small Storage Unit Signal Interpreter > --- WEAPON ----------- Beam Rifle Light Assault Rifle > --- INVENTORY -------- Light Ion Engine Hover Unit Particle Gun Light EM Pulse Cannon Makeshift Shrapnel Gun [Rating: 9] Favorites ----------- Power Ion Engine Engine Ion Engine Propulsion Light Treads Treads Light Treads Hover Unit Hover Unit Utility Small Storage Unit Device Heat Sink Storage Small Storage Unit Processor Signal Interpreter Weapon Light Assault Rifle Energy Gun Beam Rifle Ballistic Gun Light Assault Rifle Build | -11 -10 -10 -9 ------- Run | Yrd Mat Min Mat Slots Evolved 2 | . . . 2 Power . | . . . . Propulsion . | . . . . Utility 2 | . . . 2 Weapon . | . . . . Parts Attached 15 | 7 . . 8 Power 3 | 2 . . 1 Engine 3 | 2 . . 1 Core . | . . . . Reactor . | . . . . Propulsion 6 | 2 . . 4 Treads 5 | 2 . . 3 Leg . | . . . . Wheel . | . . . . Hover 1 | . . . 1 Flight . | . . . . Utility 3 | 1 . . 2 Device 1 | . . . 1 Storage 1 | 1 . . . Processor 1 | . . . 1 Hackware . | . . . . Protection . | . . . . Artifact . | . . . . Weapon 3 | 2 . . 1 Energy Gun 1 | . . . 1 Energy Cannon . | . . . . Ballistic Gun 2 | 2 . . . Ballistic Cannon . | . . . . Launcher . | . . . . Special Weapon . | . . . . Impact Weapon . | . . . . Slashing Weapon . | . . . . Piercing Weapon . | . . . . Special Melee Weapon . | . . . . Unidentified Prototypes . | . . . . Parts Lost 8 | . . . 8 Power 2 | . . . 2 Propulsion 2 | . . . 2 Utility 1 | . . . 1 Weapon 3 | . . . 3 Highest Loss Streak 2 | . . . 2 To Critical Strikes . | . . . . Average Slot Usage (%) 73 | . 85 85 66 Engine 11 | . 14 14 10 Treads 21 | . 28 28 16 Device 3 | . . . 5 Storage 12 | . 14 14 11 Processor 2 | . . . 4 Energy Gun 2 | . . . 3 Ballistic Gun 20 | . 28 28 16 Peak Build Rating 9 | 6 6 6 9 Average Rating 6 | 3 6 6 6 On Entrance 4 | . 6 6 6 Naked Turns . | . . . . Heaviest Build 13 | 12 12 12 13 Greatest Support 40 | 40 40 40 40 Greatest Overweight (x) 1 | . . . 1 Average Overweight (x) . | . . . . Largest Inventory Capacity 8 | 8 8 8 8 Average Capacity 7 | 6 8 8 8 Most Carried 6 | 1 3 4 6 Average Carried 3 | . 1 3 3 Final Capacity 8 | 8 8 8 8 Final Carried 6 | 1 3 4 6 Class Distribution -------------------- 83% | Mutant 16% | Scavenger-Mutant Dominant Class ---------------- Mutant | -10/Materials Mutant | -10/Mines Mutant | -9/Materials Resources | -11 -10 -10 -9 ----------- Run | Yrd Mat Min Mat Matter Collected 429 | 211 64 . 154 Remotely . | . . . . Salvage Created 590 | . 64 . 526 Parts 39 | . 4 . 35 Haulers Intercepted . | . . . . Recyclers Shooed . | . . . . Parts Field Recycled . | . . . . Retrieved Matter . | . . . . Parts Self-Destructed . | . . . . Prevented . | . . . . Kills | -11 -10 -10 -9 ------- Run | Yrd Mat Min Mat Combat Hostiles Destroyed 14 | . 2 . 12 Guns 14 | . 2 . 12 Classes Destroyed 4 | . 1 . 3 Worker 3 | . . . 3 Swarmer 1 | . . . 1 Grunt 11 | . 2 . 9 Sentry 2 | . . . 2 Best Kill Streak 6 | . 1 . 6 Combat Bots Only 4 | . 1 . 4 Max Kills in Single Turn 2 | . 1 . 2 Gunslinging . | . . . . Exploded . | . . . . Melee . | . . . . Uniques/NPCs Destroyed . | . . . . Combat | -11 -10 -10 -9 -------- Run | Yrd Mat Min Mat Hostile Shots Fired 124 | . 2 . 122 Missed 35 | . 1 . 34 Damage Taken 1289 | . 10 . 1279 Core 426 | . . . 426 Absorbed by Shields . | . . . . Core Remaining (%) 100 | 100 . 100 . Volleys Fired 52 | . 3 . 49 Largest 2 | . 2 . 2 Hottest 76 | . 40 . 76 Shots Fired 101 | . 6 . 95 Gun 101 | . 6 . 95 Cannon . | . . . . Launcher . | . . . . Special . | . . . . Kinetic 83 | . 6 . 77 Thermal 18 | . . . 18 Explosive . | . . . . Electromagnetic . | . . . . Robot Hit Streak 18 | . 3 . 18 Robot Miss Streak 3 | . 1 . 3 Penetration Max . | . . . . Secondary Targets 3 | . . . 3 Max Gunslinging Chain 1 | . . . 1 Shots Hit Robots 72 | . 5 . 67 Core Hits 37 | . 4 . 33 Critical Kills . | . . . . Critical Parts Destroyed . | . . . . Critical Strikes 3 | . . . 3 Burn 3 | . . . 3 Melee Attacks . | . . . . Impact . | . . . . Slashing . | . . . . Piercing . | . . . . Sneak Attacks . | . . . . Combat Hostiles . | . . . . Follow-up Attacks . | . . . . Damage Inflicted 1039 | . 44 . 995 Guns 708 | . 44 . 664 Cannons . | . . . . Explosions 331 | . . . 331 Melee . | . . . . Ramming . | . . . . Kinetic 492 | . 44 . 448 Thermal 547 | . . . 547 Explosive . | . . . . Electromagnetic . | . . . . Impact . | . . . . Slashing . | . . . . Piercing . | . . . . Highest Corruption 1 | . . . 1 Average Corruption 1 | . . . 1 Corruption Purged . | . . . . Corruption Blocked . | . . . . Effects 5 | . . . 5 Matter Fused 3 | . . . 3 Heat Flow Errors 1 | . . . 1 Data Loss (major) 1 | . . . 1 Overload Shots . | . . . . Overflow Damage 50 | . . . 50 Projectiles . | . . . . Explosions 50 | . . . 50 Melee . | . . . . Knockbacks . | . . . . Impact . | . . . . Kinetic . | . . . . Secondary . | . . . . Self-Inflicted Damage 202 | . . . 202 Shots 2 | . . . 2 Rammed . | . . . . Targets Rammed . | . . . . Kicked . | . . . . Crushed . | . . . . Highest Temperature 192 | . 6 . 192 Average Temperature 82 | . 6 . 83 Received Heat Transfer 453 | . 6 . 447 Siege Activations . | . . . . Robots Corrupted . | . . . . Combat Hostiles . | . . . . Parts Fried . | . . . . Impact Corruptions . | . . . . Robots Melted . | . . . . Combat Hostiles . | . . . . Parts Melted 2 | . . . 2 Heat Transferred 977 | . . . 977 Parts Sabotaged . | . . . . Parts Stolen . | . . . . Parts Stripped . | . . . . Power Chain Reactions . | . . . . Alert | -11 -10 -10 -9 ------- Run | Yrd Mat Min Mat Peak Influence 365 | . 90 34 365 Initial 34 | . . 34 13 Average 87 | . 48 34 132 Maximum Alert Level 1 | . . . 1 Low Security (%) 83 | 100 100 100 71 Level 1 16 | . . . 28 Level 2 . | . . . . Level 3 . | . . . . Level 4 . | . . . . Level 5 . | . . . . High Security . | . . . . Max Security . | . . . . Squads Dispatched 7 | . 4 . 3 Investigation 3 | . 1 . 2 Extermination . | . . . . Reinforcement 4 | . 3 . 1 Assault . | . . . . Garrison . | . . . . Intercept . | . . . . Searches Triggered . | . . . . Construction Impeded . | . . . . Haulers Reinforced . | . . . . Active Scanning Responses . | . . . . Cargo Convoy Interrupts . | . . . . Stealth | -11 -10 -10 -9 --------- Run | Yrd Mat Min Mat Distress Signals 4 | . 1 . 3 Communications Jammed . | . . . . Distress Signals . | . . . . Times Spotted 24 | . 2 . 22 Peak Tracking Total 6 | . . . 6 Tactical Retreats . | . . . . Traps | -11 -10 -10 -9 ------- Run | Yrd Mat Min Mat Traps Triggered . | . . . . Indirectly . | . . . . Trap Hack Attempts . | . . . . Triggered . | . . . . Disarmed . | . . . . Reprogrammed . | . . . . Reused . | . . . . Traps Extracted . | . . . . Installed . | . . . . Triggered . | . . . . Machines | -11 -10 -10 -9 ---------- Run | Yrd Mat Min Mat Machines Disabled 2 | . . . 2 Max in Single Turn 2 | . . . 2 Machines Repaired . | . . . . Machines Dismantled . | . . . . Machines Sabotaged . | . . . . Overloaded Fab Kills . | . . . . Hacking | -11 -10 -10 -9 --------- Run | Yrd Mat Min Mat Machines Accessed 5 | . 1 . 4 Terminals 4 | . 1 . 3 Fabricators . | . . . . Repair Stations . | . . . . Recycling Units . | . . . . Scanalyzers 1 | . . . 1 Garrison Access . | . . . . Total Hacks 13 | . 3 . 10 Successful 5 | . 1 . 4 Failed 8 | . 2 . 6 Catastrophic 2 | . . . 2 Database Lockouts . | . . . . Manual . | . . . . Terminals 10 | . 3 . 7 Fabricators . | . . . . Repair Stations . | . . . . Recycling Units . | . . . . Scanalyzers 3 | . . . 3 Garrison Access . | . . . . Terminal Hacks 4 | . 1 . 3 Emergency Access Points 2 | . 1 . 1 Recall Investigation 1 | . . . 1 Zone Layout 1 | . . . 1 Fabricator Hacks . | . . . . Repair Station Hacks . | . . . . Recycling Unit Hacks . | . . . . Scanalyzer 1 | . . . 1 Insert Component 1 | . . . 1 Garrison Access Hacks . | . . . . Unauthorized Hacks . | . . . . Terminals . | . . . . Fabricators . | . . . . Repair Stations . | . . . . Recycling Units . | . . . . Scanalyzers . | . . . . Garrison Access . | . . . . Data Cores Recovered . | . . . . Used . | . . . . Hacking Detections 4 | . 1 . 3 Full Trace Events 3 | . 1 . 2 Feedback Events 1 | . . . 1 Corruption 1 | . . . 1 Feedback Blocked . | . . . . Robot Schematics Acquired . | . . . . Robots Built . | . . . . Authchips . | . . . . Time . | . . . . Total Robot Build Rating . | . . . . Part Schematics Acquired . | . . . . Parts Built . | . . . . Authchips . | . . . . Time . | . . . . Total Part Build Rating . | . . . . Parts Repaired . | . . . . Time . | . . . . Parts Recycled . | . . . . Recycled Matter . | . . . . Retrieved Matter . | . . . . Retrieved Components . | . . . . Parts Scanalyzed 1 | . . . 1 Part Schematics Acquired . | . . . . Parts Damaged 1 | . . . 1 Bothacking | -11 -10 -10 -9 ------------ Run | Yrd Mat Min Mat Used RIF Installer . | . . . . Robots Hacked . | . . . . Non-combat . | . . . . Combat . | . . . . Robot Hacks Applied . | . . . . Relay Couplers Released . | . . . . Fabnet Peak Effective % . | . . . . Robots Rewired . | . . . . Allies Hacked . | . . . . Hacks Repelled . | . . . . Allies | -11 -10 -10 -9 -------- Run | Yrd Mat Min Mat Total Allies . | . . . . Largest Group . | . . . . Highest-Rated Group . | . . . . Highest-Rated Ally . | . . . . Total Orders . | . . . . Ally Attacks . | . . . . Total Damage . | . . . . Kills . | . . . . Allies Corrupted . | . . . . Allies Melted . | . . . . Intel | -11 -10 -10 -9 ------- Run | Yrd Mat Min Mat Robot Analysis Total . | . . . . Derelict Logs Recovered . | . . . . Drone Launches . | . . . . Drone Recoveries . | . . . . Exploration | -11 -10 -10 -9 ------------- Run | Yrd Mat Min Mat Turns Passed 790 | 84 117 149 440 Spaces Moved 392 | 48 68 93 183 Core 2 | 2 . . . Treads 387 | 46 68 93 180 Legs . | . . . . Wheels . | . . . . Hover 3 | . . . 3 Flight . | . . . . Fastest Speed 50 | 50 160 160 120 Average Speed 159 | 155 160 160 159 Slowest Speed 160 | 160 160 160 160 Overloaded Moves . | . . . . Propulsion Burnouts . | . . . . Robots Hopped . | . . . . Cave-ins Triggered . | . . . . Exploration Rate (%) 17 | 3 15 28 22 Regions Visited 3 Branch Regions 1 Pre-discovered Areas 1 | . . 1 . Known Exits Taken . | . . . . Unknown Exits Taken 3 | 1 1 1 . Scrap Searched . | . . . . Spaces Dug . | . . . . Terrain Destroyed 41 | . . . 41 Melee . | . . . . Projectile . | . . . . AOE 41 | . . . 41 Terrain Rammed . | . . . . Walls Destroyed . | . . . . Machines Disabled . | . . . . Actions | -11 -10 -10 -9 --------- Run | Yrd Mat Min Mat Total 469 | 54 72 93 250 Wait 3 | . . . 3 Move 389 | 47 67 92 183 Hop . | . . . . Pick Up 7 | . 2 1 4 Fast Attach 10 | 6 . . 4 Attach 3 | . . . 3 Detach 2 | . . . 2 Swap 2 | 1 . . 1 Drop 1 | . . . 1 Fire 52 | . 3 . 49 Melee . | . . . . Ram . | . . . . Kick . | . . . . Crush . | . . . . Escape Stasis . | . . . . Rewire . | . . . . Trap . | . . . . Miscellaneous . | . . . . Route ------- -11/Scrapyard -10/Materials -10/Mines -9/Materials History --------- Turn | Location | Event 6 | -11/Scrapyard | Discovered new exit (range 16) 85 | -11/Scrapyard | Entered Materials 117 | -10/Materials | Discovered new exit (range 11) 202 | -10/Materials | Entered Mines 215 | -10/Mines | Learned location of Storage (-7) 300 | -10/Mines | A weapon hastily lodged in a ceiling crevice suddenly fell to the ground 314 | -10/Mines | Build established: Mutant 336 | -10/Mines | Discovered new exit (range 9) 351 | -10/Mines | Entered Materials 351 | -9/Materials | Evolved 2 slots: Utility x2 621 | -9/Materials | Core integrity fell below 50% 776 | -9/Materials | Core integrity fell below 20% 791 | -9/Materials | Destroyed by L-31 Rogue with Katana Last Messages --------------- 00742_ Destroyed Lgt. Assault Rifle. 00742_ K-01 Serf destroyed. 00742_ Fusion Modulator explodes. 00746_ Acquired Sml. Laser. 00750_ U-05 Engineer lays Concrete. 00751_ U-05 Engineer builds a Wall. 00751_ U-05 Engineer lays Concrete. 00752_ Acquired 4 matter. 00752_ U-05 Engineer builds a Wall. 00756_ U-05 Engineer lays Concrete. 00757_ U-05 Engineer builds a Wall. 00758_ U-05 Engineer lays Concrete. 00759_ U-05 Engineer builds a Wall. 00759_ U-05 Engineer lays Concrete. 00760_ U-05 Engineer builds a Wall. 00761_ U-05 Engineer lays Concrete. 00775_ Lgt. Ion Engine destroyed. 00778_ K-01 Serf collects debris. 00790_ System corrupted: Substantial component data lost. Map ----- +----------------------------------------------------+ | | | | | | | | | | | | | | | ?????????????????????????????????????????????????? | | ?????????????????????????????????????????????????? | | ?????????????????????????????????????????????????? | | ?????????????????????????????????????????????????? | | ?????????????????????????????????????????????????? | | ?????????????????????????????????????????????????? | | ?????????????????????????????????????????????????? | | ?????????????????????????????????????????????????? | | ?????????????????????????????????????????????????? | | ?????????????????????????????????????????????????? | | ?????????????????????????????????????????????????? | | ?????????????????????????????????????????????????? | | ????????????????????????????????????????#####????? | | ????????????????????????????????????????# ###### | | ??????????????????????#####+#####???????# # | | ?????????????????????? #???????????# # """ | | ?????????????????????? #???????????# # """ | | ?????????????????????########???????????# # """ | | ?????????????????????# @ #???????????# + | | ?????????????????????# l #?????####### # "" " | | ?????????? # #?????# # # ""S" | | ?????????? + !!! #?????# """ # # """" | | ?????????????#T####### !! g#?????# """ # # | | ?????????????????????# !! #?????# """ # ###### | | ?????????????????????######/#?????# # #????? | | ???????????????????#??????#g#?????# """ + #????? | | ?????????????????? #????###/####### """ # ###### | | ?????????????????? ###### # """ # # """ | | ?????????????????? ## + """"" # # # """ | | ????????????????"" ## # """"" # "T" # # """ | | ?????????????# "" ## # """"" # """ # += | | ?????????????# """ ## # # # # | | ?????????????# """ ## # ####### # | | ?????????????# """ ## + #?????# ###### | | ?????????????? " ## # #?????# #????? | | ??????????????? ## %###########?????# #????? | | ##/#########+## #??????????????# #????? | | ################ #????? | | ? T T% #????? | | % #????? | | #######+####### * #????? | | ????????????????#" ##########%= ###########?? | | ????????????????# % * #???# %=# #?? | +----------------------------------------------------+ Best States ------------- Heat Dissipation 38 Energy Generation 10 Energy Capacity 250 Matter Stores 300 Matter Capacity 300 Sight Range 16 Terrain Scan Density 10 Evasion (%) 40 Recoil Reduction 2 Item Schematics ----------------- None Robot Schematics ------------------ None Fabricated ------------ Nothing Alien Tech Used ----------------- None Achievements -------------- None Challenges ------------ None Game ------ Seed EtherialSpliceLauncher Manual? 0 Play Time 00:10:49 Cumulative 14.6 hours Start 2024.08.26 @ 22:54:37 End 2024.08.26 @ 23:08:15 Sessions 1 Manual Loads 0 Difficulty Rogue Special Mode None Game No. 34 Rogue 33 Adventurer 1 Explorer 0 Win Type - Total 0 Types 0/0/0/0/0/0/0/0/0 Lore% 5 Gallery% 23 Achievement% 18 Wizard Run 0 Options --------- Layout 2 ASCII 0 Keyboard 1 Movement Numpad Keybinds 0 Fullscreen 1 Font 24/Smallcaps Map View 50x44 Zoom Use 0% Tactical HUD 1 Map Filters NONE Filters NONE Steam 1 RUN: d1b8d434-e971-4eb9-8ee8-fab2cecb759c